 Dungeon Crawl Stone Soup version 0.31-a0-1447-g87ca8d402b (webtiles) character file.

Game seed: 16536044634226958706

61 Persephone the Shooter (level 4, 0/33 HPs)
             Began as a Human Hunter on Dec 27, 2023.
             Slain by an orc wizard
             ... wielding a +2 dagger of flaming
              (2 damage)
             ... on level 3 of the Dungeon.
             The game lasted 00:02:09 (1585 turns).

Persephone the Shooter (Human Hunter)               Turns: 1585, Time: 00:02:09

Health: 0/33       AC:  6    Str: 11    XL:     4   Next: 7%
Magic:  4/4        EV: 12    Int:  9    God:
Gold:   64         SH:  0    Dex: 19    Spells: 3/3 levels left

rFire   . . .        a - +0 shortbow
rCold   + . .        (shield currently unavailable)
rNeg    . . .        c - +0 leather armour
rPois   .            n - +1 helmet
rElec   .            (no cloak)
rCorr   .            (no gloves)
SInv    .            k - +0 pair of boots
Will    .....        (no amulet)
Stlth   ++           h - ring of protection from cold
HPRegen 0.25/turn    (no ring)
MPRegen 0.09/turn

%: no passive effects
@: no status effects
A: explore regen
a: no special abilities


You were on level 3 of the Dungeon.
You visited 1 branch of the dungeon, and saw 3 of its levels.

You collected 64 gold pieces.

Inventory:

Hand Weapons
 a - a +0 shortbow (weapon)
Armour
 c - a +0 leather armour (worn)
 k - a +0 pair of boots (worn)
 n - a +1 helmet (worn)
Jewellery
 h - a ring of protection from cold (left hand)
Scrolls
 b - a scroll of butterflies
 f - 4 scrolls of identify {unknown}
 g - 2 scrolls of teleportation {unknown}
 i - a scroll of immolation {unknown}
 l - a scroll of acquirement {unknown}
 m - a scroll of fear {unknown}
Potions
 d - 2 potions of heal wounds {unknown}
 e - 3 potions of lignification {unknown}
 j - 3 potions of curing {unknown}


   Skills:
 - Level 2.0 Fighting
 + Level 5.5 Ranged Weapons
 - Level 2.0 Dodging
 - Level 1.0 Stealth


You had 3 spell levels left.
You didn't know any spells.
Your spell library was empty.

Dungeon Overview and Level Annotations

Branches:
Dungeon (3/15)

Altars:


Innate Abilities, Weirdness & Mutations

You regain HP and MP as you explore.


Message History

Aim: an orc, wielding a +0 club (64% to hit)
You shoot an arrow. Something hits you. Something burns you.
Fire: a) +0 shortbow
Press: ? - help, Shift-Dir - straight line, f/p - orc
Aim: an orc, wielding a +0 club (64% to hit)
You shoot an arrow. The arrow completely misses the orc.
Something hits you. Something burns you.
Fire: a) +0 shortbow
Press: ? - help, Shift-Dir - straight line, f/p - orc
Aim: an orc, wielding a +0 club (64% to hit)
You shoot an arrow. The arrow closely misses the orc.
The arrow hits the orc.
The orc is heavily wounded.
Fire: a) +0 shortbow
Press: ? - help, Shift-Dir - straight line, f/p - orc
Aim: an orc, wielding a +0 club (heavily wounded, 64% to hit)
You shoot an arrow. The arrow hits the orc!
You kill the orc!
You hear some strange, mumbled words.
A magic dart appears from out of thin air!
The magic dart hits you.
Fire: a) +0 shortbow
Press: ? - help, Shift-Dir - straight line, f/p - orc
Aim: an orc, wielding a +0 club (heavily wounded, 64% to hit)
You shoot an arrow.
The arrow hits the orc but does no damage.
The orc is heavily wounded.
Something hits you. Something burns you.
Fire: a) +0 shortbow
Press: ? - help, Shift-Dir - straight line, f/p - orc
Aim: an orc, wielding a +0 club (heavily wounded, 64% to hit)
You shoot an arrow. The arrow hits the orc.
The orc is almost dead.
The orc barely misses you. Something hits you.
* * * LOW HITPOINT WARNING * * *
Something burns you.
* * * LOW HITPOINT WARNING * * *
The orc closely misses you. Something hits you.
* * * LOW HITPOINT WARNING * * *
Something burns you.
You die...

##########
#..>...@{#
#.######o# #.#
o# ##########
#########.####
.# #........#
##............#
.# #.######.#
#...######.##.#
.# #.# #.#
.....# #.# # .#
#.# ####.#
#...## #.# .#
#.# #.....
....# #.. #.#
#.##.#


You could see 2 orcs.

Vanquished Creatures
  3 adders
  An orc (D:3)
  4 ball pythons
  7 endoplasms
  2 giant cockroaches
  A goblin (D:1)
  3 hobgoblins
  4 jackals (D:3)
  3 bats
  A kobold (D:2)
29 creatures vanquished.

Notes
Turn   | Place    | Note
-------+----------+-------------------------------------------
     0 | D:1      | Persephone the Human Hunter began the quest for the Orb.
     0 | D:1      | Reached XP level 1. HP: 16/16 MP: 1/1
   441 | D:1      | Reached XP level 2. HP: 22/22 MP: 2/2
   547 | D:1      | Found a faded altar of an unknown god.
  1133 | D:2      | Reached XP level 3. HP: 27/27 MP: 3/3
  1201 | D:2      | You fall into a shaft and drop 1 floor!
  1261 | D:3      | Reached skill level 5 in Ranged Weapons
  1538 | D:3      | Reached XP level 4. HP: 33/33 MP: 4/4
  1585 | D:3      | Slain by an orc wizard

Illustrated notes

Levels and vault maps discovered:
D:1:      minmay_arrival_doors, layout_basic, shapermc_ecumenical_altar_ellora,
          interstate_on_off
D:2:      layout_rooms, grunt_ministairs_15
D:3:      minmay_angry_zag, layout_loops_corners

Skill      XL: |  1  2  3 |
---------------+----------+-----
Ranged Weapons | 5 |  5.5
Fighting       | |  2.0
Dodging        | |  2.0
Stealth        | |  1.0

Action                     |  1- 3 |  4- 6 || total
---------------------------+-------+-------++-------
   Fire: Shortbow          |    71 |    16 ||    87
 Armour: Leather armour    |    14 |     8 ||    22
  Dodge: Dodged            |    14 |     2 ||    16

Table legend: (Time is in decaauts)
 A = Elapsed time spent in this place.
 B = Non-inter-level travel time spent in this place.
 C = Inter-level travel time spent in this place.
 D = Time resting spent in this place.
 E = Time spent auto-exploring this place.
 F = Levels seen in this place.
 G = Mean time per level.
                   A        B        C        D        E       F      G
               +--------+--------+--------+--------+--------+-----+--------+
         Total |   1601 |   1525 |     76 |      0 |   1344 |   3 |  533.7 |
       Dungeon |   1601 |   1525 |     76 |      0 |   1344 |   3 |  533.7 |
               +--------+--------+--------+--------+--------+-----+--------+

Top non-repeatable levels by time:
     D:1: 1083 daAuts
     D:3: 392 daAuts
     D:2: 124 daAuts
